 Dungeon Sprint DCSS version 0.28-a0-863-g8cecda6153 (webtiles) character file.

Game seed: 7139736389890523614

17865 Turgor the Slayer (level 12, -21/137 HPs)
             Began as a Minotaur Berserker on Nov 16, 2021.
             Was the Champion of Trog.
             Demolished by a stone giant (25 damage)
             ... in the Dungeon (Sprint IX: "|||||||||||||||||||||||||||||").
             The game lasted 00:35:29 (2452 turns).

Turgor the Slayer (Minotaur Berserker)              Turns: 2452, Time: 00:35:29

Health: -21/137    AC: 20    Str: 26    XL:     12   Next: 22%
Magic:  11/11      EV: 14    Int:  5    God:    Trog [******]
Gold:   1369       SH:  0    Dex: 10    Spells: 11/11 levels left

rFire   + + .      SeeInvis .   i - +6 glaive (vorpal)
rCold   + . .      Faith    .   (shield currently unavailable)
rNeg    . . .      Spirit   .   p - +3 fire dragon scales
rPois   .          Reflect  .   (helmet restricted)
rElec   .          Harm     .   w - +0 cloak
rCorr   .          Rampage  .   m - +0 pair of gloves
Will    .....      NoTele   +   a - +0 pair of boots
Stlth   ..........              (no amulet)
HPRegen 0.32/turn               H - ring of protection from cold
MPRegen 0.12/turn               I - ring of protection from cold

@: on berserk cooldown, slowed, very slow
A: horns 2, retaliatory headbutt
a: Renounce Religion, Berserk, Trog's Hand, Brothers in Arms


You were in the Dungeon.
You worshipped Trog.
Trog was exalted by your worship.
You visited 1 branch You collected 1952 gold pieces.
You spent 583 gold pieces at shops.

Inventory:

Hand Weapons
 i - a +6 vorpal glaive (weapon)
 j - a +2 antimagic bardiche
 l - a +2 halberd of venom
 o - a +1 antimagic glaive
 v - a +1 antimagic halberd
 x - a +1 halberd of flaming
 y - the +9 spear of the Lair of Beasts {vorpal, rPois}
   (Trog gifted it to you in the Dungeon)

   It inflicts extra damage upon your enemies.
   rPois:     It protects you from poison.
 z - a +2 hunting sling of flaming
 D - a +0 short sword of distortion
Missiles
 b - 7 poisoned darts
 E - 3 curare-tipped darts (quivered)
Armour
 a - a +0 pair of boots (worn)
 m - a +0 pair of gloves (worn)
 n - a +1 plate armour of cold resistance
 p - +3 fire dragon scales (worn)
 w - a +0 cloak (worn)
Jewellery
 G - a ring of protection from fire
 H - a ring of protection from cold (left hand)
 I - a ring of protection from cold (right hand)
Wands
 k - a wand of acid (7)
Scrolls
 h - 2 scrolls of blinking
 s - 4 scrolls of enchant armour
 t - 3 scrolls of fear
 u - 2 scrolls of enchant weapon
 F - a scroll of identify
Potions
 c - 7 potions of curing
 d - 8 potions of heal wounds
 e - a potion of haste
 f - 4 potions of magic
 g - 3 potions of berserk rage
 q - a potion of might
 r - 5 potions of mutation
 A - 2 potions of flight
 B - 2 potions of resistance
 C - a potion of lignification


   Skills:
 + Level 21.7 Fighting
 * Level 21.4 Polearms
 + Level 4.9(6.5) Slings
 - Level 6.0(6.7) Throwing
 * Level 13.2 Armour
 * Level 12.6 Dodging
 + Level 6.3 Evocations


You had 11 spell levels left.
You didn't know any spells.
Your spell library was empty.

Dungeon Overview and Level Annotations

Branches:
Dungeon (1/1)

Altars:
Cheibriados
Dithmenos
Elyvilon
Fedhas
Gozag
Hepliaklqana
Kikubaaqudgha
Makhleb
Nemelex Xobeh
Okawaru
Qazlal
Ru
Sif Muna
Trog
Uskayaw
Vehumet
Wu Jian
Xom
Yredelemnul
Zin
The Shining One
Beogh
Jiyva
Lugonu

Shops:
D (!([


Innate Abilities, Weirdness & Mutations

You have a pair of horns on your head.
You reflexively headbutt those who attack you in melee.


Message History

The stone giant shouts!
The stone giant throws a large rock.
The large rock hits you!!
A stone giant is nearby!
A red film seems to cover your vision as you go berserk!
You feel yourself moving faster!
You feel mighty!
The stone giant throws a large rock.
The large rock closely misses you.
You feel a strong urge to attack something.
You feel your anger nearly subside.
The stone giant throws a large rock.
The large rock hits you.
You are no longer berserk.
You are exhausted.
You feel yourself slow down.
The stone giant throws a large rock.
The large rock completely misses you. The stone giant hits you!!
You slash the stone giant!
The stone giant is lightly wounded.
The stone giant hits you but does no damage.
You hit the stone giant but do no damage.
The stone giant is lightly wounded.
The stone giant hits you!!
You slice the stone giant!!
The stone giant is heavily wounded.
The stone giant hits you.
You slice the stone giant!!
The stone giant is almost dead.
The stone giant barely misses you.
You slash the stone giant!
You headbutt the stone giant, but do no damage.
The stone giant is almost dead.
The stone giant hits you!!
* * * LOW HITPOINT WARNING * * *
You barely miss the stone giant.
You headbutt the stone giant, but do no damage.
The stone giant is almost dead.
The stone giant hits you!
* * * LOW HITPOINT WARNING * * *
You hit the stone giant but do no damage.
The stone giant is almost dead.
The stone giant hits you!!
You die...

▓.▓.▓.▓.▓.▓.▓
▓.▓.▓.▓.▓.▓.▓
▓.▓.▓[▓.▓.▓.▓
▓(▓.▓[▓.▓.▓.▓
▓'▓.▓[▓.▓'▓.▓
▓.▓.▓.▓.▓.▓.▓
▓.▓.▓.▓.▓.▓.▓
▓.▓.▓.▓.▓.▓.▓
▓.▓.▓'▓.▓.▓@▓
▓.▓.▓.▓.▓.▓C▓
▓.▓.▓[▓.▓∩▓.▓
▓)▓.▓)▓.▓.▓.▓
▓[▓.▓.▓.▓∩▓.▓.▓
▓.▓.▓.▓.▓.▓.▓.▓
▓.▓.▓.▓.▓∩▓.▓.▓
▓.▓.▓.▓.▓.▓.▓.▓
▓.▓.▓.▓.▓∩▓.▓.▓


You could see a stone giant.

Vanquished Creatures
  A fire dragon (D)
  A boulder beetle (D)
  A catoblepas (D)
  3 death yaks (D)
  A vampire mage (D)
  2 orc high priests (D)
  Sonja (D)
  An orc knight (D)
  An oklob plant (D)
  A cyclops (D)
  6 cane toads (D)
  Psyche (D)
  A troll (D)
  A hornet (D)
  A polar bear (D)
  A dream sheep (D)
  2 wyverns (D)
  A shadow (D)
  2 wraiths (D)
  6 yaks (D)
  A basilisk (D)
  A vampire mosquito (D)
  An acid dragon (D)
  A water moccasin (D)
  A wolf (D)
  A kobold brigand (D)
  4 bullfrogs (D)
  A howler monkey (D)
  2 iguanas (D)
  An adder zombie (D)
  A dart slug (D)
  10 orcs (D)
  An endoplasm (D)
  A hobgoblin (D)
  A kobold (D)
  A ball python (D)
  A ball python skeleton (D)
  A frilled lizard (D)
66 creatures vanquished.

Vanquished Creatures (collateral kills)
  An ettin (D)
  2 hydras (D)
  An orc high priest (D)
  A skeletal warrior (D)
  An orc knight (D)
  2 deep elf pyromancers (D)
  A cyclops (D)
  8 orc warriors (D)
  4 orc priests (D)
  3 orc wizards (D)
  9 orcs (D)
33 creatures vanquished.

Grand Total: 99 creatures vanquished

Notes
Turn   | Place    | Note
-------+----------+-------------------------------------------
     0 | D        | Turgor the Minotaur Berserker began the quest for the Orb.
     0 | D        | Reached XP level 1. HP: 19/19 MP: 0/0
    10 | D        | Reached ** piety under Trog
   135 | D        | Noticed an iguana
   135 | D        | Noticed an iguana
   138 | D        | Killed an iguana
   139 | D        | Reached skill level 5 in Polearms
   139 | D        | Reached XP level 2. HP: 28/28 MP: 1/1
   139 | D        | Reached XP level 3. HP: 35/35 MP: 2/2
   140 | D        | Reached *** piety under Trog
   141 | D        | Reached skill level 5 in Fighting
   191 | D        | Found a snail-covered altar of Cheibriados.
   191 | D        | Found a shadowy altar of Dithmenos.
   191 | D        | Found a white marble altar of Elyvilon.
   191 | D        | Found a blossoming altar of Fedhas.
   191 | D        | Found an opulent altar of Gozag.
   192 | D        | Found a hazy altar of Hepliaklqana.
   193 | D        | Found a viscous altar of Jiyva.
   194 | D        | Found an ancient bone altar of Kikubaaqudgha.
   195 | D        | Found a corrupted altar of Lugonu.
   196 | D        | Found a burning altar of Makhleb.
   197 | D        | Found a sparkling altar of Nemelex Xobeh.
   198 | D        | Found an iron altar of Okawaru.
   199 | D        | Found a stormy altar of Qazlal.
   200 | D        | Found a sacrificial altar of Ru.
   201 | D        | Found a shimmering blue altar of Sif Muna.
   202 | D        | Found a bloodstained altar of Trog.
   203 | D        | Found a hide-covered altar of Uskayaw.
   204 | D        | Found a radiant altar of Vehumet.
   205 | D        | Found an ornate altar of the Wu Jian Council.
   206 | D        | Found a shimmering altar of Xom.
   207 | D        | Found a basalt altar of Yredelemnul.
   208 | D        | Found a glowing silver altar of Zin.
   209 | D        | Found a glowing golden altar of the Shining One.
   263 | D        | Noticed a kobold brigand
   263 | D        | Noticed a wyvern
   263 | D        | Noticed a hornet
   263 | D        | Noticed a wraith
   263 | D        | Noticed an acid dragon
   266 | D        | Killed an acid dragon
   266 | D        | Reached **** piety under Trog
   267 | D        | Reached skill level 5 in Dodging
   267 | D        | Reached XP level 4. HP: 45/45 MP: 3/3
   267 | D        | Reached XP level 5. HP: 51/51 MP: 4/4
   269 | D        | Killed a wraith
   270 | D        | Reached skill level 10 in Polearms
   270 | D        | Reached XP level 6. HP: 61/61 MP: 5/5
   272 | D        | Paralysed by a hornet for 1 turns
   274 | D        | Killed a hornet
   275 | D        | Reached XP level 7. HP: 65/70 MP: 6/6
   279 | D        | Killed a wyvern
   280 | D        | Reached skill level 10 in Fighting
   282 | D        | Reached ***** piety under Trog
   414 | D        | Noticed a troll
   414 | D        | Noticed a shadow
   414 | D        | Noticed a vampire mosquito
   414 | D        | Noticed a cyclops
   414 | D        | Noticed a wraith
   419 | D        | Killed a wraith
   421 | D        | Killed a cyclops
   422 | D        | Reached skill level 15 in Polearms
   422 | D        | Reached XP level 8. HP: 82/82 MP: 7/7
   424 | D        | Received a gift from Trog
   439 | D        | Killed a troll
   678 | D        | Noticed a cane toad
   678 | D        | Noticed a cane toad
   678 | D        | Noticed a cane toad
   682 | D        | Reached skill level 1 in Throwing
   683 | D        | Killed a cane toad
   684 | D        | Reached XP level 9. HP: 93/93 MP: 8/8
   690 | D        | Killed a cane toad
   693 | D        | Killed a cane toad
   694 | D        | Reached skill level 5 in Throwing
   869 | D        | Noticed an oklob plant
  1008 | D        | Killed an oklob plant
  1008 | D        | Received a gift from Trog
  1009 | D        | Reached skill level 15 in Fighting
  1022 | D        | Noticed a cane toad
  1022 | D        | Noticed a cane toad
  1029 | D        | Noticed a cane toad
  1033 | D        | Reached XP level 10. HP: 87/107 MP: 9/9
  1035 | D        | Killed a cane toad
  1038 | D        | Killed a cane toad
  1038 | D        | Reached ****** piety under Trog
  1042 | D        | Killed a cane toad
  1042 | D        | Received a gift from Trog
  1101 | D        | Noticed a death yak
  1101 | D        | Noticed a death yak
  1101 | D        | Noticed a catoblepas
  1103 | D        | Noticed a death yak
  1108 | D        | Killed a catoblepas
  1114 | D        | Killed a death yak
  1119 | D        | Killed a death yak
  1126 | D        | Killed a death yak
  1126 | D        | Received a gift from Trog
  1128 | D        | Reached XP level 11. HP: 47/124 MP: 10/10
  1492 | D        | Noticed an orc knight
  1498 | D        | Killed an orc knight
  1499 | D        | Reached skill level 1 in Evocations
  1501 | D        | Received a gift from Trog
  1510 | D        | Received a gift from Trog
  1563 | D        | Noticed an orc high priest
  1569 | D        | Killed an orc high priest
  1572 | D        | Reached skill level 10 in Armour
  1579 | D        | Reached skill level 10 in Dodging
  1581 | D        | Received a gift from Trog
  1596 | D        | Found Orov's Antique Armour Boutique.
  1596 | D        | Noticed an orc knight
  1606 | D        | Killed an orc knight
  1610 | D        | Found Cusk's Antique Weapon Shop.
  1614 | D        | Found Waetzoach's Distillery.
  1671 | D        | Found Muogynib's Antique Weapon Shop.
  1676 | D        | Noticed an orc high priest
  1688 | D        | Identified the +9 spear of the Lair of Beasts {vorpal,
                  | rPois} (Trog gifted it to you in the Dungeon)
  1688 | D        | Received a gift from Trog
  1700 | D        | Killed an orc high priest
  1709 | D        | Noticed an orc high priest
  1762 | D        | Killed an orc high priest
  1793 | D        | Bought a runed hunting sling for 103 gold pieces
  1796 | D        | Bought 2 potions of curing for 60 gold pieces
  1796 | D        | Bought 2 potions of flight for 60 gold pieces
  1796 | D        | Bought a potion of resistance for 100 gold pieces
  1796 | D        | Bought a potion of resistance for 100 gold pieces
  1796 | D        | Bought a potion of mutation for 80 gold pieces
  1796 | D        | Bought a potion of heal wounds for 50 gold pieces
  1796 | D        | Bought a potion of lignification for 30 gold pieces
  1853 | D        | Noticed Psyche
  1858 | D        | Killed Psyche
  1893 | D        | Noticed Sonja
  1898 | D        | Killed Sonja
  1898 | D        | Received a gift from Trog
  1899 | D        | Reached skill level 1 in Slings
  1899 | D        | Reached skill level 5 in Evocations
  2008 | D        | Noticed a deep elf pyromancer
  2008 | D        | Noticed a boulder beetle
  2008 | D        | Noticed a deep elf pyromancer
  2008 | D        | Noticed a seven-headed hydra
  2008 | D        | Noticed a four-headed hydra
  2008 | D        | Noticed a skeletal warrior
  2016 | D        | Killed a boulder beetle
  2018 | D        | Killed a skeletal warrior
  2020 | D        | Killed a four-headed hydra
  2021 | D        | Killed a seven-headed hydra
  2021 | D        | Noticed an ettin
  2024 | D        | Killed a deep elf pyromancer
  2025 | D        | Noticed a fire dragon
  2027 | D        | Killed a deep elf pyromancer
  2027 | D        | Noticed a vampire mage
  2028 | D        | Reached XP level 12. HP: 112/136 MP: 11/11
  2029 | D        | Killed an ettin
  2029 | D        | Received a gift from Trog
  2038 | D        | Killed a fire dragon
  2042 | D        | Killed a vampire mage
  2061 | D        | Noticed a stone giant
  2451 | D        | HP: 4/137 [stone giant (14)]
  2452 | D        | Demolished by a stone giant

Illustrated notes

Levels and vault maps discovered:
D:        linesprint [early_d, line_temple, items_1, d_10, items_2, lair_1,
          lair_end, items_3, orc_1, orc_end, items_4, d_15, swamp_1, shoals_1,
          snake_1, spider_1, d_20, vaults_1, items_5, swamp_end, shoals_end,
          snake_end, spider_end, vaults_end, d_27, items_6, zot_1, zot_end,
          crypt_end, forest_end, elf_end, slime_end, tomb_end, abyss_end,
          pan_hell_end]

Skill      XL: |  1  2  3  4  5  6  7  8  9 10 11 12 |
---------------+-------------------------------------+-----
Polearms       | 5 8 10 12 15 16 18 20 21 | 21.4
Fighting       | 4 6 8 9 11 13 15 20 21 | 21.7
Armour         | 4 6 7 8 9 12 13 | 13.2
Dodging        | 3 5 6 7 8 9 11 12 | 12.6
Throwing       | 3 6 |  6.0
Evocations     | 5 6 |  6.3
Slings         | 4 |  4.9

Action                   |  1- 3 |  4- 6 |  7- 9 | 10-12 || total
-------------------------+-------+-------+-------+-------++-------
Melee: Spear             |    23 |       |       |       ||    23
       Headbutt          |     4 |     3 |     9 |    12 ||    28
       Halberd           |     2 |     8 |    31 |       ||    41
       Glaive            |       |       |    31 |    78 ||   109
Invok: Berserk           |     2 |       |     2 |     7 ||    11
       Trog's Hand       |       |       |     1 |     2 ||     3
       Brothers in Arms  |       |       |       |     3 ||     3
Evoke: Wand              |       |       |       |     3 ||     3
  Use: Potion            |       |       |     1 |     1 ||     2
       Scroll            |       |       |       |     3 ||     3
 Stab: Invisible         |       |       |       |     1 ||     1
Armor: Animal skin       |     1 |       |       |       ||     1
       Ring mail         |       |     2 |    12 |     6 ||    20
       Fire dragon scale |       |       |       |     7 ||     7
       Chain mail        |       |       |       |     1 ||     1
Dodge: Dodged            |     3 |     3 |    17 |    18 ||    41

Table legend: (Time is in decaauts)
 A = Elapsed time spent in this place.
 B = Non-inter-level travel time spent in this place.
 C = Inter-level travel time spent in this place.
 D = Time resting spent in this place.
 E = Time spent auto-exploring this place.
 F = Levels seen in this place.
 G = Mean time per level.
                   A        B        C        D        E       F      G
               +--------+--------+--------+--------+--------+-----+--------+
         Total |   2499 |   2499 |      0 |   1318 |      0 |   1 | 2499.0 |
       Dungeon |   2499 |   2499 |      0 |   1318 |      0 |   1 | 2499.0 |
               +--------+--------+--------+--------+--------+-----+--------+

Top non-repeatable levels by time:
       D: 2499 daAuts
